 Dungeon Crawl Stone Soup version 0.28.0-53-g5a82cb258f (webtiles) character file.

Game seed: 15885320001500802318

1570 selky the Geomancer (level 8, -6/41 HPs)
             Began as a Gargoyle Earth Elementalist on July 7, 2022.
             Shot with an arrow by a centaur (11 damage)
             ... on level 5 of the Dungeon.
             The game lasted 00:11:22 (6853 turns).

selky the Geomancer (Gargoyle Earth Elementalist)   Turns: 6853, Time: 00:11:23

Health: -6/41      AC:  8    Str: 13    XL:     8   Next: 90%
Magic:  3/11       EV: 11    Int: 17    God:
Gold:   232        SH:  0    Dex: 10    Spells: 2/12 levels left

rFire   . . .      SeeInvis .   o - +1 dagger (venom)
rCold   . . .      Faith    .   (no shield)
rNeg    + . .      Spirit   .   b - +0 robe
rPois   ∞          Reflect  .   (no helmet)
rElec   +          Harm     .   (no cloak)
rCorr   .          Rampage  .   (no gloves)
Will    .....                   f - +0 pair of boots
Stlth   ++........              (no amulet)
HPRegen 0.13/turn               (no ring)
MPRegen 0.12/turn               (no ring)

@: no status effects
A: sickness immunity, AC +5, negative energy resistance 1, electricity
resistance, torment resistance 1, petrification resistance
a: no special abilities


You were on level 5 of the Dungeon.
You visited 1 branch of the dungeon, and saw 5 of its levels.

You collected 232 gold pieces.

Inventory:

Hand Weapons
 a - a +0 club
 o - a +1 dagger of venom (weapon)
Missiles
 n - 142 stones
Armour
 b - a +0 robe (worn)
 f - a +0 pair of boots (worn)
Magical Staves
 j - a staff of poison
Wands
 m - a wand of flame (5)
Scrolls
 d - a scroll of enchant armour {unknown}
 e - 3 scrolls of immolation
 g - a scroll of fog
 k - a scroll of magic mapping {unknown}
Potions
 c - 2 potions of flight
 h - 3 potions of attraction {unknown}
 i - a potion of brilliance {unknown}
 l - a potion of curing


   Skills:
 * Level 4.4 Short Blades
 - Level 1.4 Maces & Flails
 - Level 1.5 Dodging
 - Level 2.1 Stealth
 + Level 2.5 Spellcasting
 * Level 5.5 Conjurations
 - Level 0.7 Transmutations
 + Level 9.1 Earth Magic
 * Level 2.6 Poison Magic


You had 2 spell levels left.
You knew the following spells:

 Your Spells              Type           Power      Damage    Failure   Level
a - Sandblast             Erth           66%        2d15      1%          1
b - Passwall              Tmut/Erth      15%        N/A       3%          2
c - Stone Arrow           Conj/Erth      54%        3d10      2%          3
d - Magic Dart            Conj           84%        1d7       1%          1
e - Mephitic Cloud        Conj/Pois/Air  11%        N/A       19%         3

Your spell library contained the following spells:

 Spells                   Type           Power      Damage    Failure   Level
 Call Imp                 Summ           2%         N/A       28%         2
 Petrify                  Tmut/Erth      18%        N/A       24%         4


Dungeon Overview and Level Annotations

Branches:
Dungeon (5/15)
 Temple: D:4-7

Altars:
Ashenzari
Qazlal
Yredelemnul


Innate Abilities, Weirdness & Mutations

You are immune to sickness and miasma.
Your stone body is resilient. (AC +5)
You are immune to poison.
You resist negative energy. (rN+)
You are resistant to electric shocks. (rElec)
You are resistant to unholy torment.
You are immune to petrification.


Message History

The arrow hits you.
You are too injured to fight recklessly!
You are too injured to fight recklessly!
Casting: Sandblast (safe; 1% risk of failure)
Confirm with . or Enter, or press ? or * to list all spells.
Aiming: Sandblast (safe; 1% risk of failure)
Press: ? - help, Shift-Dir - straight line, f - centaur
Aim: a centaur, wielding a +0 shortbow and quivering arrows (89% to hit)
The blast of sand hits the centaur.
The centaur is lightly wounded.
The centaur shoots an arrow.
The arrow hits you!
* * * LOW HITPOINT WARNING * * *
The centaur shoots an arrow.
The arrow hits you.
* * * LOW HITPOINT WARNING * * *
Casting: Sandblast (safe; 1% risk of failure)
Confirm with . or Enter, or press ? or * to list all spells.
Aiming: Sandblast (safe; 1% risk of failure)
Press: ? - help, Shift-Dir - straight line, f/p - centaur
Aim: a centaur, wielding a +0 shortbow and quivering arrows (lightly wounded, 89% to hit)
The blast of sand hits the centaur!!
You kill the centaur!
The centaur shoots an arrow.
The arrow hits you.
* * * LOW HITPOINT WARNING * * *
Casting: Sandblast (safe; 1% risk of failure)
Confirm with . or Enter, or press ? or * to list all spells.
Aiming: Stone Arrow (dangerous; 2% risk of failure)
Press: ? - help, Shift-Dir - straight line, f - centaur
Aim: a centaur, wielding a +0 shortbow and quivering arrows (83% to hit)
The stone arrow hits the centaur!
The centaur is severely wounded.
The centaur shoots an arrow.
The arrow misses you.
The centaur shoots an arrow.
The arrow closely misses you.
Casting: Stone Arrow (dangerous; 2% risk of failure)
Confirm with . or Enter, or press ? or * to list all spells.
Aiming: Stone Arrow (dangerous; 2% risk of failure)
Press: ? - help, Shift-Dir - straight line, f/p - centaur
Aim: a centaur, wielding a +0 shortbow and quivering arrows (severely wounded, 83% to hit)
The stone arrow misses the centaur.
The centaur shoots an arrow.
The arrow hits you!
You die...

########## .........#
.........# ....c...#
#).....# ###
#......##.......#
##@.....##<.......
#................#
#................#
#.................
##................
##................
....................
..........##.......#
...##......##.......#


You could see a centaur.

Vanquished Creatures
  Grinder (D:3)
  Sigmund (D:4)
  Menkaure (D:4)
  An ice beast (D:5)
  A necrophage (D:4)
  2 ogres
  A centaur (D:5)
  A scorpion (D:4)
  A centaur skeleton (D:4)
  3 hounds
  An orc priest (D:4)
  A gnoll shaman (D:5)
  Jessica (D:3)
  2 iguanas (D:5)
  An orc wizard (D:4)
  Natasha (thrice) (D:3)
  Robin (D:3)
  A howler monkey skeleton (D:4)
  7 adders
  4 gnolls
  An ufetubus (D:4)
  A worm (D:4)
  5 dart slugs
  15 orcs
  6 ball pythons
  6 endoplasms
  2 giant cockroaches
  17 goblins
  14 hobgoblins
  2 jackals
  3 quokkas
  4 bats
  7 frilled lizards
  9 kobolds
  6 rats
  A spectral orc (D:3)
134 creatures vanquished.

Notes
Turn   | Place    | Note
-------+----------+-------------------------------------------
     0 | D:1      | selky the Gargoyle Earth Elementalist began the quest for
                  | the Orb.
     0 | D:1      | Reached XP level 1. HP: 10/10 MP: 3/3
    28 | D:1      | Reached skill level 4 in Earth Magic
   140 | D:1      | Reached XP level 2. HP: 12/15 MP: 1/5
   789 | D:2      | Reached skill level 5 in Earth Magic
   789 | D:2      | Reached XP level 3. HP: 11/19 MP: 4/6
   965 | D:2      | Found a faded altar of an unknown god.
  1158 | D:2      | Learned a level 2 spell: Passwall
  1162 | D:2      | Learned a level 3 spell: Stone Arrow
  1951 | D:2      | Reached XP level 4. HP: 17/24 MP: 3/7
  2395 | D:3      | Noticed Robin
  2424 | D:2      | Reached skill level 6 in Earth Magic
  2880 | D:3      | Killed Robin
  3287 | D:3      | Reached XP level 5. HP: 28/28 MP: 4/8
  3397 | D:3      | Reached skill level 1 in Maces & Flails
  3472 | D:3      | Noticed Natasha
  3489 | D:3      | Killed Natasha
  3490 | D:3      | Reached skill level 1 in Conjurations
  3791 | D:3      | Found a broken altar of Ashenzari.
  3793 | D:3      | Found a stormy altar of Qazlal.
  3839 | D:3      | Learned a level 1 spell: Magic Dart
  3883 | D:3      | Found a basalt altar of Yredelemnul.
  4089 | D:3      | Noticed Jessica
  4096 | D:3      | Killed Jessica
  4143 | D:3      | Noticed an ogre
  4154 | D:3      | Killed an ogre
  4155 | D:3      | Reached skill level 1 in Short Blades
  4155 | D:3      | Reached skill level 7 in Earth Magic
  4155 | D:3      | Reached XP level 6. HP: 32/32 MP: 1/9
  4327 | D:3      | Noticed Grinder
  4335 | D:3      | Killed Grinder
  4336 | D:3      | Reached XP level 7. HP: 23/36 MP: 0/10
  4554 | D:3      | Noticed Natasha
  4563 | D:3      | Killed Natasha
  4684 | D:3      | Noticed Natasha
  4695 | D:3      | Killed Natasha
  4988 | D:4      | Reached skill level 8 in Earth Magic
  4994 | D:4      | Noticed Sigmund
  5198 | D:4      | Learned a level 3 spell: Mephitic Cloud
  5287 | D:4      | Killed Sigmund
  5288 | D:4      | Reached skill level 1 in Poison Magic
  5288 | D:4      | Reached XP level 8. HP: 33/41 MP: 1/11
  5468 | D:4      | Noticed Menkaure
  5474 | D:4      | Killed Menkaure
  5475 | D:4      | Reached skill level 5 in Conjurations
  5961 | D:5      | Entered Level 5 of the Dungeon
  6490 | D:5      | Reached skill level 9 in Earth Magic
  6853 | D:5      | Shot with an arrow by a centaur

Illustrated notes

Levels and vault maps discovered:
D:1:      mrwooster_arrival_arrow, layout_basic,
          nicolae_concentric_dashed_squares_mild, chequers_serial_rivers_large_a
D:2:      minmay_skewed_foursquare, layout_basic,
          hellmonk_ecumenical_altar_zigzags
D:3:      layout_loops_corners, chequers_temple_overflow_statue_of_worship,
          yredelemnul_forgotten_temple_becter, grunt_decor_fettered,
          minivault_27, guppyfry_early_orc_mine, uniq_natasha, uniq_grinder,
          uniq_robin, uniq_jessica
D:4:      layout_rooms, uniq_sigmund, uniq_menkaure
D:5:      layout_gridville

Skill      XL: |  1  2  3  4  5  6  7  8 |
---------------+-------------------------+-----
Earth Magic    | 4 5 6 7 8 9 |  9.1
Maces & Flails | 1 |  1.4
Conjurations   | 2 3 4 5 |  5.5
Short Blades   | 1 2 3 4 |  4.4
Poison Magic   | 1 2 |  2.6
Dodging        | |  1.5
Stealth        | |  2.1
Spellcasting   | |  2.5
Transmutations | |  0.7

Action                   |  1- 3 |  4- 6 |  7- 9 || total
-------------------------+-------+-------+-------++-------
Melee: Club              |    65 |   116 |       ||   181
       Unarmed           |     2 |       |       ||     2
       Punch             |       |     4 |     2 ||     6
       Dagger            |       |    27 |   181 ||   208
 Cast: Sandblast         |    33 |     9 |    24 ||    66
       Stone Arrow       |     1 |    14 |    14 ||    29
       Magic Dart        |       |       |     3 ||     3
Evoke: Wand              |       |     6 |       ||     6
  Use: Scroll            |       |     5 |     1 ||     6
       Potion            |       |       |     1 ||     1
 Stab: Sleeping          |     3 |     1 |     4 ||     8
       Distracted        |       |     1 |     2 ||     3
Armor: Robe              |    25 |    69 |    73 ||   167
Dodge: Dodged            |    51 |   109 |   103 ||   263
